Map: Dusty Gorge

Players

OpuS - Winner!

  • Race: Protoss Protoss
  • League: Platinum
  • Spawn Location: 11:00

Sketchaphone - Winner!

  • Race: Zerg Zerg
  • League: Platinum
  • Spawn Location: 9:00

FaraonDLT

  • Race: Zerg Zerg
  • League: Diamond
  • Spawn Location: 5:00

Rohan

  • Race: Protoss Protoss
  • Spawn Location: 3:00

VOD

Have the link to the VOD?

Description

Time

  • Played on: Feb. 24, 2019, 7:52 p.m.
  • Length: 14:50
Show
View Real Time Build Order
Export as new Build Order

OpuS Protoss - Winner!

Build Orders:  

Get SALT Encoding   

  12  0:01  Probe  
  13  0:13  Probe  
  14  0:25  Pylon  
  14  0:27  Probe  
  15  0:43  Probe  
  15  0:47  Gateway  
  16  0:55  Probe  
  17  0:57  Assimilator  
  17  1:01  Assimilator  
  17  1:10  Probe  
  18  1:11  Gateway  
  18  1:22  Probe  
  19  1:34  Probe  
  19  1:39  Cybernetics Core  
  20  1:45  Probe  
  21  1:52  Pylon  
  21  1:53  Probe  
  22  2:01  Probe  
  23  2:13  Probe  
  24  2:16  Stalker x2  
  24  2:17  Warp Gate  
  28  2:24  Pylon  
  28  2:31  Probe  
  29  2:54  Stalker x2  
  33  3:07  Pylon  
  33  3:18  Nexus  
  33  3:32  Stargate  
  33  3:38  Probe  
  34  3:42  Gateway  
  33  4:10  Stalker  
  33  4:11  Stalker, Void Ray  
  35  4:26  Probe  
  35  4:31  Twilight Council  
  34  4:32  Probe  
  34  4:38  Probe  
  36  4:39  Zealot  
  36  4:43  Zealot  
  40  4:49  Zealot  
  42  4:59  Void Ray  
  42  5:04  Probe  
  42  5:06  Probe  
  48  5:10  Charge  
  48  5:27  Zealot x2  
  48  5:28  Zealot  
  54  5:31  Probe  
  54  5:32  Probe  
  56  5:44  Void Ray  
  56  6:00  Probe x2  
  54  6:09  Zealot x2  
  54  6:10  Zealot  
  60  6:15  Pylon  
  60  6:19  Probe x2  
  60  6:24  Pylon  
  62  6:33  Void Ray  
  66  6:42  Zealot x3  
  72  6:48  Probe x2  
  72  6:53  Gateway  
  74  6:55  Pylon  
  74  7:00  Probe x2  
  76  7:12  Zealot  
  76  7:13  Zealot x2  
  76  7:14  Probe x2  
  84  7:18  Pylon  
  84  7:19  Assimilator  
  84  7:20  Pylon  
  84  7:23  Assimilator  
  84  7:25  Dark Shrine  
  84  7:39  Void Ray  
  76  8:06  Probe  
  76  8:07  Probe  
  68  8:13  Protoss Air Weapons Level 1, Void Ray  
  68  8:16  Fleet Beacon  
  68  8:17  Zealot x3  
  68  8:18  Zealot  
  80  8:28  Probe x2  
  82  8:38  Zealot x3  
  82  8:39  Zealot  
  82  8:40  Probe x2  
  92  9:01  Nexus  
  92  9:02  Pylon  
  92  9:10  Templar Archives  
  92  9:17  Robotics Facility  
  92  9:21  Void Ray  
  96  9:26  Probe  
  96  9:27  Probe  
  98  9:35  Gateway  
  98  9:38  Gateway  
  98  9:47  Pylon  
  98  9:49  Pylon  
  98  9:54  Dark Templar  
  98  9:58  Dark Templar  
  102  10:06  Protoss Air Weapons Level 2  
  102  10:16  Stargate  
  102  10:24  Gateway  
  102  10:28  Gateway  
  102  10:39  Dark Templar x3  
  102  10:40  Dark Templar  
  102  10:41  Dark Templar  
  112  10:50  Void Ray  
  114  11:07  Zealot  
  114  11:11  Zealot x2, Probe  
  117  11:12  Zealot  
  117  11:16  Zealot x2  
  127  11:23  Probe  
  128  11:35  Probe  
  125  12:07  Zealot x2  
  125  12:08  Zealot x5  
  135  12:09  Zealot  
  141  12:21  Pylon  
  141  12:23  Pylon  
  141  12:26  Pylon, Gateway  
  141  12:27  Gateway  
  141  12:28  Pylon  
  141  12:30  Probe x2, Gateway  
  141  12:32  Gateway  
  141  12:39  Probe  
  141  12:41  Dark Templar x4  
  141  12:42  Dark Templar x3  
  156  12:45  Dark Templar  
  156  12:51  Probe  
  158  13:14  Dark Templar  
  103  13:55  Assimilator  
  103  13:59  Assimilator  
  101  14:04  Pylon  
  101  14:06  Pylon  
  101  14:08  Pylon  
  93  14:26  Dark Templar  
  93  14:27  Dark Templar x6  
  93  14:28  Dark Templar  
  85  14:33  Nexus  
Show
View Real Time Build Order
Export as new Build Order

Sketchaphone Zerg - Winner!

Build Orders: Hatch First 

Get SALT Encoding   

  12  0:01  Drone  
  13  0:12  Overlord  
  13  0:18  Drone  
  14  0:25  Extractor  
  13  0:30  Drone  
  13  0:32  Drone  
  13  0:35  Drone  
  17  1:00  Hatchery  
  17  1:02  Drone  
  17  1:04  Drone  
  18  1:05  Extractor  
  17  1:21  Spawning Pool  
  17  1:22  Drone  
  17  1:39  Drone x2  
  19  1:40  Drone  
  20  1:50  Overlord  
  20  2:08  Metabolic Boost  
  20  2:10  Queen  
  20  2:15  Drone  
  23  2:18  Zergling x4  
  25  2:23  Zergling x2  
  25  2:24  Zergling x2  
  27  2:34  Zergling x4  
  29  2:44  Evolution Chamber, Zergling x4  
  30  3:02  Queen  
  32  3:10  Zerg Ground Armor Level 1  
  32  3:17  Drone  
  33  3:20  Drone  
  33  3:23  Overlord  
  33  3:25  Overlord  
  34  3:38  Hatchery  
  33  3:45  Drone  
  33  3:46  Drone x2  
  36  3:55  Lair  
  29  4:21  Zergling x6  
  31  4:25  Overlord  
  31  4:27  Drone  
  31  4:28  Drone  
  31  4:31  Zergling x8  
  34  4:35  Drone x2  
  39  4:43  Zergling x4  
  41  4:53  Spine Crawler  
  26  5:14  Zergling x8  
  26  5:15  Zergling x10  
  30  5:25  Drone x3  
  33  5:41  Drone x3  
  36  6:02  Spire  
  35  6:10  Overlord  
  35  6:12  Zergling x10  
  35  6:17  Drone  
  41  6:21  Zerg Melee Weapons Level 1  
  41  6:25  Drone  
  42  6:26  Drone  
  37  6:48  Drone  
  37  6:49  Zergling x14  
  37  6:52  Drone  
  44  7:11  Roach Warren  
  44  7:15  Mutalisk x2  
  43  7:18  Extractor  
  43  7:19  Drone x3  
  49  7:24  Extractor  
  49  7:27  Zerg Flyer Weapons Level 1  
  48  7:31  Drone  
  49  7:55  Zergling x2  
  49  7:56  Zergling x12  
  52  8:00  Drone x4  
  52  8:02  Extractor  
  47  8:24  Mutalisk x2  
  47  8:38  Mutalisk  
  49  8:44  Drone x3  
  49  8:45  Mutalisk  
  54  8:51  Zergling x10  
  59  9:02  Mutalisk x2  
  63  9:10  Zergling x2, Drone  
  63  9:12  Drone  
  61  9:41  Mutalisk x4  
  61  9:45  Zergling x6  
  70  9:48  Drone x2  
  72  9:54  Zergling x2  
  73  10:01  Zergling x2  
  74  10:11  Overlord  
  74  10:15  Infestation Pit  
  73  10:23  Zergling x2  
  73  10:27  Queen  
  74  10:39  Zergling x16  
  82  10:49  Overlord x2  
  76  11:22  Zergling x14  
  67  11:28  Zergling x4  
  69  11:33  Pneumatized Carapace  
  69  11:38  Zergling x2  
  69  11:39  Zergling x4  
  71  11:49  Zergling x6  
  71  11:55  Zergling x6  
  57  12:24  Hatchery  
  43  12:46  Drone x2  
  43  12:47  Drone x6  
  26  13:11  Overlord  
  26  13:14  Hatchery  
  23  13:28  Hatchery  
  21  13:40  Drone  
  20  14:09  Drone  
Show
View Real Time Build Order
Export as new Build Order

FaraonDLT Zerg 

Build Orders: Hatch First 

Get SALT Encoding   

  12  0:02  Drone  
  13  0:08  Drone  
  14  0:19  Overlord  
  14  0:31  Extractor  
  14  0:35  Drone  
  14  0:38  Drone  
  16  0:49  Drone  
  17  1:01  Hatchery  
  17  1:02  Drone  
  17  1:08  Drone  
  18  1:16  Extractor  
  17  1:22  Spawning Pool  
  17  1:24  Drone  
  17  1:29  Drone  
  18  1:43  Drone  
  19  1:50  Overlord  
  19  2:03  Drone  
  20  2:09  Queen  
  20  2:13  Queen, Zergling x2  
  20  2:15  Zergling x2  
  26  2:24  Drone x2  
  26  2:25  Metabolic Boost  
  28  2:34  Drone x2  
  30  2:48  Drone x2  
  31  3:03  Zergling x4  
  33  3:10  Spine Crawler  
  32  3:13  Spine Crawler, Overlord  
  32  3:15  Zergling x4  
  33  3:32  Baneling Nest  
  32  3:35  Queen  
  34  3:44  Drone x2  
  34  3:45  Drone  
  34  3:46  Zergling x4  
  34  3:47  Zergling x4  
  41  4:01  Zergling x4  
  38  4:24  Zergling x2  
  38  4:25  Zergling x10  
  44  4:34  Overlord  
  44  4:41  Baneling x4  
  44  4:47  Baneling x2  
  43  5:04  Zergling x6  
  43  5:05  Zergling x14  
  48  5:15  Zergling x4  
  45  5:23  Overlord  
  44  5:31  Baneling x3  
  44  5:32  Baneling x2  
  44  5:34  Pneumatized Carapace  
  43  5:45  Zergling x2  
  43  5:46  Zergling x8  
  45  6:07  Lair  
  45  6:15  Roach Warren, Drone x4, Extractor  
  45  6:16  Zergling x4, Hatchery  
  45  6:17  Zergling x2  
  48  6:39  Zergling x6  
  49  6:40  Zergling x2  
  47  6:47  Baneling x2  
  47  6:48  Baneling x4  
  46  6:54  Zergling x4  
  44  7:37  Roach x2  
  44  7:38  Roach x2  
  44  7:42  Baneling  
  31  8:22  Spawning Pool  
  30  8:27  Hydralisk Den  
  29  8:45  Extractor  
  29  8:47  Extractor  
  27  8:58  Hydralisk  
  27  8:59  Hydralisk  
  27  9:02  Drone x5  
  36  9:03  Drone x2  
  38  9:23  Drone x5  
  43  9:28  Hydralisk x3  
  43  9:29  Hydralisk  
  51  9:48  Drone  
  51  9:49  Overlord x2  
  52  10:04  Muscular Augments  
  52  10:15  Hatchery  
  51  10:22  Zergling x10, Hydralisk x6  
  51  10:25  Overseer x2  
  65  10:38  Drone x5  
  67  11:05  Overlord x3  
  64  11:30  Hydralisk x5  
  64  11:31  Hydralisk x5  
  65  12:17  Hatchery  
  51  13:01  Hatchery  
  34  14:13  Drone x3  
Show
View Real Time Build Order
Export as new Build Order

Rohan Protoss 

Build Orders:  

Get SALT Encoding   

  12  0:04  Probe  
  13  0:16  Probe  
  15  0:28  Probe  
  15  0:29  Pylon  
  15  0:48  Gateway  
  15  0:53  Assimilator  
  15  0:58  Pylon  
  15  1:05  Forge  
  16  1:11  Probe  
  16  1:23  Probe  
  17  1:34  Gateway  
  17  1:35  Probe  
  18  1:47  Cybernetics Core, Probe  
  19  1:59  Probe  
  20  2:20  Nexus  
  20  2:28  Assimilator  
  20  2:33  Stalker  
  22  2:42  Pylon  
  22  2:53  Stalker  
  24  3:03  Twilight Council  
  24  3:05  Pylon  
  24  3:32  Probe  
  25  3:36  Stalker  
  25  3:41  Stalker  
  29  3:44  Probe  
  30  3:56  Probe  
  29  4:08  Probe  
  26  4:19  Stalker  
  26  4:20  Stalker, Probe  
  29  4:33  Probe  
  31  4:45  Probe  
  31  4:49  Stalker  
  31  4:50  Stalker  
  35  4:57  Probe  
  36  5:09  Probe  
  37  5:19  Stalker x2  
  41  5:22  Probe  
  42  5:37  Probe  
  43  5:49  Stalker x2, Probe  
  44  6:19  Stalker x2  
  48  6:28  Robotics Facility  
  48  6:39  Templar Archives  
  48  6:45  Blink  
  48  6:49  Stalker x2  
  52  7:19  Stalker x2  
  56  7:31  Immortal  
  60  7:49  Stalker  
  61  8:11  Stalker  
  61  8:47  Pylon  
  61  8:51  Pylon  
  61  8:57  Nexus  
  61  9:05  Stalker x2, Immortal  
  69  9:35  Stalker x2  
  73  9:57  Pylon  
  73  9:59  Pylon  
  73  10:00  Pylon  
  73  10:02  Pylon  
  73  10:09  Immortal  
  73  10:11  Probe  
  78  10:17  Assimilator  
  78  10:22  Assimilator  
  78  10:23  Probe  
  79  10:29  Stalker  
  79  10:30  Stalker  
  79  10:35  Probe  
  76  10:47  Probe  
  76  10:48  Immortal  
  81  10:51  Photon Cannon  
  78  10:59  Probe  
  75  11:28  Immortal  
  54  12:24  Pylon  
Tags
 
Add a new tag
Caveats
  • Supply blocks, unpowered buildings, or Contaminate may cause inaccurate times.
  • Supply counts are checked every 10 seconds.